 Dungeon Crawl Stone Soup version 0.29-a0-337-g68df138881 (webtiles) character file.

Game seed: 18182113358142897697

179 Morbidden the Ruffian (level 5, -6/49 HPs)
             Began as a Troll Warper on Apr 16, 2022.
             Mangled by Duvessa
             ... wielding a +0 short sword
              (7 damage)
             ... on level 4 of the Dungeon.
             The game lasted 00:03:13 (3259 turns).

Morbidden the Ruffian (Troll Warper)                Turns: 3259, Time: 00:03:14

Health: -6/49      AC:  6    Str: 19    XL:     5   Next: 33%
Magic:  6/6        EV: 10    Int: 11    God:
Gold:   123        SH:  0    Dex:  9    Spells: 7/7 levels left

rFire   . . .      SeeInvis .     - Unarmed
rCold   . . .      Faith    .   (no shield)
rNeg    . . .      Spirit   .   q - +2 animal skin
rPois   .          Reflect  .   (helmet restricted)
rElec   .          Harm     .   (no cloak)
rCorr   .          Rampage  .   (gloves unavailable)
Will    .....                   (boots unavailable)
Stlth   +.........              (no amulet)
HPRegen 0.96/turn               (no ring)
MPRegen 0.10/turn               (no ring)

@: no status effects
A: large, unfitting armour, claws 3, regeneration 1, shaggy fur 1, tough skin 1
a: no special abilities


You were on level 4 of the Dungeon.
You visited 1 branch of the dungeon, and saw 4 of its levels.

You collected 123 gold pieces.

Inventory:

Missiles
 c - 6 boomerangs of dispersal (quivered)
Armour
 q - a +2 animal skin (worn)
Scrolls
 a - a scroll of enchant armour {unknown}
 b - 2 scrolls of blinking
 f - 3 scrolls of teleportation {unknown}
 i - a scroll of enchant weapon {unknown}
 j - a scroll of identify {unknown}
 k - a scroll of holy word {unknown}
 m - a scroll of fear {unknown}
Potions
 d - a potion of mutation {unknown}
 e - a potion of degeneration {unknown}
 h - 3 potions of lignification {unknown}
 l - 3 potions of curing {unknown}
 n - 3 potions of brilliance
 o - a potion of magic {unknown}
 p - a potion of heal wounds {unknown}


   Skills:
 * Level 2.0 Fighting
 + Level 0.8 Throwing
 * Level 2.5 Dodging
 + Level 0.2 Stealth
 * Level 3.9 Unarmed Combat
 * Level 1.5 Spellcasting
 * Level 2.8 Translocations


You had 7 spell levels left.
You didn't know any spells.
Your spell library contained the following spells:

 Spells                   Type           Power      Damage    Failure   Level
 Blink                    Tloc           14%        N/A       14%         2
 Gell's Gravitas          Tloc           7%         N/A       28%         3
 Lesser Beckoning         Tloc           7%         N/A       28%         3
 Teleport Other           Tloc           7%         N/A       28%         3
 Shock                    Conj/Air       0%         1d3       30%         1
 Swiftness                Air            0%         N/A       67%         3
 Manifold Assault         Tloc           7%         N/A       95%         5
 Airstrike                Air            0%         N/A       97%         4


Dungeon Overview and Level Annotations

Branches:
Dungeon (4/15)
 Temple: D:4-7

Altars:
Nemelex Xobeh

Shops:
D:2 [

Annotations:
D:4 1 runed translucent door, Dowan, Duvessa


Innate Abilities, Weirdness & Mutations

You are too large for most types of armour.
You have claws for hands.
Your natural rate of healing is unusually fast.
You are covered in fur. (AC +1)
You have tough skin. (AC +1)


Message History

Throw: 4 darts (poison)
Press: ? - help, Q - select action, (/) - cycle Shift-Dir - straight line, f/p - Duvessa
Aim: Duvessa, wielding a +0 short sword, wearing a +0 ring mail and carrying a wand of digging (3) (lightly wounded, fast, very poisoned, 62% to hit)
You throw a poisoned dart.
The poisoned dart barely misses Duvessa.
The poisoned dart hits the orc.
The orc is poisoned.
Duvessa hits you with a +0 short sword. x2
Throw: 3 darts (poison)
Press: ? - help, Q - select action, (/) - cycle Shift-Dir - straight line, f/p - Duvessa
Aim: Duvessa, wielding a +0 short sword, wearing a +0 ring mail and carrying a wand of digging (3) (moderately wounded, fast, very poisoned, 62% to hit)
You throw a poisoned dart. The poisoned dart hits Duvessa.
Duvessa is moderately wounded.
Duvessa hits you with a +0 short sword.
Throw: 2 darts (poison)
Press: ? - help, Q - select action, (/) - cycle Shift-Dir - straight line, f/p - Duvessa
Aim: Duvessa, wielding a +0 short sword, wearing a +0 ring mail and carrying a wand of digging (3) (moderately wounded, fast, very poisoned, 62% to hit)
You throw a poisoned dart. The poisoned dart hits Duvessa.
Duvessa looks even sicker.
Duvessa is moderately wounded.
Duvessa hits you with a +0 short sword. Duvessa hits you with a +0 short sword!
Unknown command.
Throw: dart (poison)
Press: ? - help, Q - select action, (/) - cycle Shift-Dir - straight line, f/p - Duvessa
Aim: Duvessa, wielding a +0 short sword, wearing a +0 ring mail and carrying a wand of digging (3) (moderately wounded, fast, very poisoned, 62% to hit)
You throw a poisoned dart.
The poisoned dart barely misses Duvessa.
The poisoned dart hits the orc.
The orc is lightly wounded.
Duvessa hits you with a +0 short sword.
* * * LOW HITPOINT WARNING * * *
Throw: 7 boomerangs (disperse)
Press: ? - help, Q - select action Shift-Dir - straight line, f/p - Duvessa
Aim: Duvessa, wielding a +0 short sword, wearing a +0 ring mail and carrying a wand of digging (3) (moderately wounded, fast, very poisoned, 62% to hit)
You throw a boomerang of dispersal.
The boomerang of dispersal hits Duvessa but does no damage.
Duvessa is moderately wounded.
Duvessa hits you with a +0 short sword!
* * * LOW HITPOINT WARNING * * *
Duvessa hits you with a +0 short sword!
You die...

#.# ######...#.....##
#.#.....>.............
#.######.###.#.....###
#............#.....#
#######..............
#.#####.......+
#.............#
######...######...#
#.@eo.†.....# ...
#.####....#.# #.
#..e((.# #. #.......
#. #...e..(. #.
#........ #. ####...$.
#. ..... .....


You could see Duvessa (fast, very poisoned) and an orc (poisoned).

Vanquished Creatures
  A scorpion (D:3)
  Robin (D:2)
  2 worms (D:2)
  6 dart slugs
  4 orcs (D:3)
  12 ball pythons
  3 endoplasms
  14 goblins
  4 hobgoblins
  10 jackals
  A quokka (D:2)
  4 bats
  6 frilled lizards
  7 kobolds
  4 rats
79 creatures vanquished.

Notes
Turn   | Place    | Note
-------+----------+-------------------------------------------
     0 | D:1      | Morbidden the Troll Warper began the quest for the Orb.
     0 | D:1      | Reached XP level 1. HP: 19/19 MP: 1/1
   185 | D:1      | Reached XP level 2. HP: 27/27 MP: 2/2
   909 | D:1      | Reached XP level 3. HP: 35/35 MP: 3/3
   958 | D:2      | Found Baiqus's Antique Armour Emporium.
  1065 | D:2      | Found a faded altar of an unknown god.
  1407 | D:2      | Noticed Robin
  1425 | D:2      | Killed Robin
  1426 | D:2      | Reached skill level 3 in Unarmed Combat
  1426 | D:2      | Reached XP level 4. HP: 38/42 MP: 5/5
  1958 | D:3      | Found a sparkling altar of Nemelex Xobeh.
  1984 | D:3      | Noticed a scorpion
  1992 | D:3      | Killed a scorpion
  1993 | D:3      | Reached XP level 5. HP: 34/49 MP: 6/6
  3198 | D:4      | Found a runed translucent door.
  3241 | D:4      | Noticed Duvessa
  3241 | D:4      | Noticed Dowan
  3259 | D:4      | HP: 1/49 [Duvessa/+0 short sword (11)]
  3259 | D:4      | Mangled by Duvessa

Illustrated notes

Levels and vault maps discovered:
D:1:      dpeg_chamrin_arrival_tetris, layout_basic, minmay_misc_feat_rugged
D:2:      layout_basic, ebering_ecumenical_altar_petrified, serial_shops,
          nicolae_shop_crystal, serial_corexii_hall, corexii_hall_statues_s,
          corexii_hall_statues_l, corexii_hall_statues_s,
          corexii_hall_statues_s, minmay_cupped, uniq_robin
D:3:      layout_basic, nicolae_overflow_crystal_walls,
          wander_ebering_terrifying_dragon_lair
D:4:      layout_basic, nicolae_ashenzari_skybound, ebering_ghost_sewer_f,
          grunt_ministairs_15, grunt_decor_mini_mirrors, uniq_duvessa

Skill      XL: |  1  2  3  4 |
---------------+-------------+-----
Dodging        | 2 |  2.5
Unarmed Combat | 3 |  3.9
Fighting       | 2 |  2.0
Throwing       | |  0.8
Stealth        | |  0.2
Spellcasting   | |  1.5
Translocations | |  2.8

Action                   |  1- 3 |  4- 6 || total
-------------------------+-------+-------++-------
Melee: Unarmed           |   110 |    98 ||   208
       Punch             |       |     3 ||     3
Throw: Dart              |       |    11 ||    11
       Boomerang         |       |     1 ||     1
 Stab: Sleeping          |       |     1 ||     1
Armor: Robe              |    30 |       ||    30
       Animal skin       |       |    35 ||    35
Dodge: Dodged            |    60 |    44 ||   104

Table legend: (Time is in decaauts)
 A = Elapsed time spent in this place.
 B = Non-inter-level travel time spent in this place.
 C = Inter-level travel time spent in this place.
 D = Time resting spent in this place.
 E = Time spent auto-exploring this place.
 F = Levels seen in this place.
 G = Mean time per level.
                   A        B        C        D        E       F      G
               +--------+--------+--------+--------+--------+-----+--------+
         Total |   3246 |   3168 |     78 |    104 |   2561 |   4 |  811.5 |
       Dungeon |   3246 |   3168 |     78 |    104 |   2561 |   4 |  811.5 |
               +--------+--------+--------+--------+--------+-----+--------+

Top non-repeatable levels by time:
     D:3: 1260 daAuts
     D:1: 956 daAuts
     D:2: 953 daAuts
     D:4: 76 daAuts
